 Dungeon Crawl Stone Soup version 0.25.0-11-g1f837a76a1 (webtiles) character file.

Game seed: 18007383187221997407

11 Kerr0r the Sneak (level 2, 0/13 HPs)
             Began as a Spriggan Enchanter on June 25, 2020.
             Slain by a bat (1 damage)
             ... on level 1 of the Dungeon.
             The game lasted 00:02:45 (677 turns).

Kerr0r the Sneak (Spriggan Enchanter)                Turns: 677, Time: 00:02:46

Health: 0/13       AC:  2    Str:  4    XL:     2   Next: 17%
Magic:  6/6        EV: 18    Int: 16    God:
Gold:   6          SH:  0    Dex: 16    Spells: 5/6 levels left

rFire    . . .     SeeInvis +   a - +1 dagger
rCold    . . .     Gourm    .   (shield restricted)
rNeg     . . .     Faith    .   b - +0 robe
rPois    .         Spirit   .   (helmet restricted)
rElec    .         Reflect  .   (no cloak)
rCorr    .         Harm     .   (gloves unavailable)
MR       .....                  (boots unavailable)
Stlth    +++.......             (no amulet)
HPRegen  0.04/turn              (no ring)
MPRegen  0.10/turn              (no ring)

@: very quick
A: very small, unfitting armour, see invisible, herbivore, speed 3, slow
metabolism 2
a: no special abilities


You were on level 1 of the Dungeon.
You were not hungry.

You visited 1 branch of the dungeon, and saw 1 of its levels.

You collected 6 gold pieces.

Inventory:

Hand Weapons
 a - a +1 dagger (weapon)
Armour
 b - a +0 robe (worn)
Scrolls
 e - a scroll of random uselessness {unknown}
 f - a scroll of enchant armour {unknown}
Potions
 c - 2 potions of brilliance {unknown}
 g - a potion of flight {unknown}
 h - a potion of magic {unknown}
Comestibles
 d - a ration


   Skills:
 + Level 1.4 Short Blades
 + Level 3.2 Dodging
 + Level 4.6 Stealth
 + Level 2.9 Spellcasting
 + Level 3.8 Hexes


You had 5 spell levels left.
You knew the following spells:

 Your Spells              Type           Power        Failure   Level  Hunger
a - Corona                Hex            ##.....      4%          1    #......

Your spell library contained the following spells:

 Spells                   Type           Power        Failure   Level  Hunger
 Confusing Touch          Hex            ##......     12%         3    ###....
 Tukima's Dance           Hex            ##......     12%         3    ###....
 Ensorcelled Hibernation  Hex/Ice        #.....       13%         2    ##.....
 Dazzling Flash           Conj/Hex       #.....       26%         3    ###....


Dungeon Overview and Level Annotations

Branches:
Dungeon (1/15)

Altars:


Innate Abilities, Weirdness & Mutations

You are very small and have problems with some larger weapons.
You are too small for most types of armour.
You have supernaturally acute eyesight. (SInv)
You are a herbivore.
You cover ground extremely quickly.
You need to consume almost no food.


Message History

The bat barely misses you. The bat barely misses you.
You barely miss the bat. The bat misses you. The bat closely misses you.
You miss the bat. The bat completely misses you. x2
You hit the bat but do no damage. The bat barely misses you.
The bat hits you but does no damage. The bat misses you. The bat misses you.
The bat misses you. The bat hits you but does no damage.
The bat closely misses you. The bat closely misses you. The bat misses you.
The bat hits you but does no damage.
You closely miss the bat. The bat barely misses you. The bat misses you.
You hit the bat.
The bat is severely wounded.
The bat hits you.
You die...

############## #......[.....#
#.##########.# #.# ##... #.#
####.... ####.#####.......
#...........#....
######.##.#####..##...
#....@.##.# #..###.#
##.##b#.##.#####..###.#
########.......##............#
#........##.##.#####.##..#.###
#..##.##.#...#.......##..#.#
#..#...#.K.....####.###..#.#
#........#...#.# #.# #..#.###
#..#.....#..##.####.###..#....
#..##K####...รท...........#####


You could see a bat and a kobold.

Vanquished Creatures
  A dart slug (D:1)
  3 hobgoblins (D:1)
  A ball python (D:1)
  A bat (D:1)
  A frilled lizard (D:1)
  2 kobolds (D:1)
  A rat (D:1)
10 creatures vanquished.

Notes
Turn   | Place    | Note
-------+----------+-------------------------------------------
     0 | D:1      | Kerr0r the Spriggan Enchanter began the quest for the Orb.
     0 | D:1      | Reached XP level 1. HP: 9/9 MP: 5/5
   418 | D:1      | Reached XP level 2. HP: 9/13 MP: 6/6
   677 | D:1      | Slain by a bat

Illustrated notes

Levels and vault maps discovered:
D:1:      eino_arrival_water_cross, layout_loops_ring,
          hangedman_decor_clover_reticule, minmay_lizard_pond

Action                   || total
-------------------------++-------
Melee: Dagger            ||    43
 Stab: Sleeping          ||     5
Armor: Robe              ||     6
Dodge: Dodged            ||    55
